 Dungeon Sprint DCSS version 0.30.0-15-g856e2d3f33 (webtiles) character file.

Game seed: 1457743580439929074

958 Groucho the Covert (level 7, -4/41 HPs)
             Began as a Spriggan Hunter on May 19, 2023.
             Was a High Priest of Dithmenos.
             Blown up by an eye of devastation (45 damage)
             ... with a bolt of energy
             ... in the Dungeon (Sprint VII: "The Pits").
             The game lasted 00:05:31 (2438 turns).

Groucho the Covert (Spriggan Hunter)                Turns: 2438, Time: 00:05:32

Health: -4/41      AC:  2    Str:  7    XL:     7   Next: 91%
Magic:  8/8        EV: 25    Int: 11    God:    Dithmenos [*****.]
Gold:   0          SH:  0    Dex: 20    Spells: 6/6 levels left

rFire   . . .        a - +0 shortbow
rCold   . . .        (shield currently unavailable)
rNeg    . . .        c - +0 robe
rPois   .            (helmet restricted)
rElec   .            (no cloak)
rCorr   .            (gloves unavailable)
SInv    +            (boots unavailable)
Will    +....        (no amulet)
Stlth   +++++++++    (no ring)
HPRegen 0.26/turn    (no ring)
MPRegen 0.11/turn

%: no teleportation
@: wreathed by umbra, very quick
A: very small, no large weapons, unfitting armour, see invisible, speed 3
a: Renounce Religion, Shadow Step, Shadow Form


You were in the Dungeon.
You worshipped Dithmenos.
Dithmenos was extremely pleased with you.
You visited 1 branch

Inventory:

Hand Weapons
 a - a +0 shortbow (weapon)
Armour
 c - a +0 robe (worn)
Scrolls
 b - a scroll of immolation
 i - a scroll of blinking
 k - 5 scrolls of amnesia
 l - a scroll of summoning
Potions
 d - 6 potions of curing
 e - 5 potions of heal wounds
 f - a potion of haste
 g - 4 potions of magic
 h - 3 potions of berserk rage
 j - 2 potions of invisibility


   Skills:
 + Level 6.7 Fighting
 * Level 11.7 Ranged Weapons
 + Level 10.5 Dodging
 + Level 12.1 Stealth


You had 6 spell levels left.
You didn't know any spells.
Your spell library was empty.

Dungeon Overview and Level Annotations

Branches:
Dungeon (1/1)

Altars:
Ashenzari
Cheibriados
Dithmenos
Elyvilon
Fedhas
Gozag
Hepliaklqana
Kikubaaqudgha
Makhleb
Nemelex Xobeh
Okawaru
Qazlal
Ru
Sif Muna
Trog
Uskayaw
Vehumet
Wu Jian
Xom
Yredelemnul
Zin
The Shining One
Jiyva
Lugonu


Innate Abilities, Weirdness & Mutations

You are very small and have problems with some larger weapons.
You are too small for most types of armour.
You have supernaturally acute eyesight. (SInv)
You cover ground extremely quickly. (Speed+++)


Message History

You destroy the freezing wraith!
Dithmenos accepts your kill.
Your shadow shoots an arrow.
Your Dodging skill increases to level 10!
Your Stealth skill increases to level 12!
No target in view!
No target in view!
Unknown command.
Unknown command.
Unknown command.
There is an open door here.
There is an open door here.
There is an open door here.
An eye of devastation comes into view.
You shoot an arrow. The arrow hits the eye of devastation.
The eye of devastation turns its gaze towards you.
The eye of devastation is lightly wounded.
Your shadow shoots an arrow.
The arrow hits the eye of devastation but does no damage.
You shoot an arrow.
The arrow hits the eye of devastation but does no damage.
The eye of devastation is lightly wounded.
Your shadow shoots an arrow.
The arrow hits the eye of devastation but does no damage.
The eye of devastation pulsates ominously.
You shoot an arrow.
The arrow hits the eye of devastation but does no damage.
The eye of devastation is lightly wounded.
You shoot an arrow.
The arrow hits the eye of devastation but does no damage.
The eye of devastation is lightly wounded.
Your shadow shoots an arrow.
The arrow completely misses the eye of devastation.
You shoot an arrow. The arrow hits the eye of devastation!
The eye of devastation is moderately wounded.
Your shadow shoots an arrow.
The arrow hits the eye of devastation.
The eye of devastation gazes at you. The bolt of energy hits you!!!
Ouch! That really hurt!
You die...

#.##'#..#'###...<...#
#.#........##.......#
#.#.....)..##.......#
#'###########.......#
#.......#..##########
#.###...#.######
#.#.....#.#....#
#.#...#.#'#....#
#.....#.#@'....+
#...###.#'#G...#
#.......'.# ...#
########### ###


You could see an eye of devastation.

Vanquished Creatures
  A freezing wraith (D)
  A flying skull (D)
  A fire bat (D)
  A floating eye (D)
  An ice beast (D)
  A wolf (D)
  A scorpion (D)
  An iguana (D)
  A mummy (D)
  A white imp (D)
  An adder skeleton (D)
  A worm (D)
  2 goblins (D)
  A hobgoblin (D)
  3 jackals (D)
  2 quokkas (D)
  A ball python zombie (D)
  2 bats (D)
  A frilled lizard (D)
  A kobold (D)
  A quokka zombie (D)
26 creatures vanquished.

Notes
Turn   | Place    | Note
-------+----------+-------------------------------------------
     0 | D        | Groucho the Spriggan Hunter began the quest for the Orb.
     0 | D        | Reached XP level 1. HP: 10/10 MP: 2/2
    61 | D        | Found a bloodstained altar of Trog.
    61 | D        | Found a shimmering blue altar of Sif Muna.
    61 | D        | Found a viscous altar of Jiyva.
    61 | D        | Found a hazy altar of Hepliaklqana.
    61 | D        | Found an opulent altar of Gozag.
    62 | D        | Found a glowing golden altar of the Shining One.
    62 | D        | Found a glowing silver altar of Zin.
    62 | D        | Found a basalt altar of Yredelemnul.
    62 | D        | Found a shimmering altar of Xom.
    62 | D        | Found an ornate altar of the Wu Jian Council.
    62 | D        | Found a sacrificial altar of Ru.
    62 | D        | Found a stormy altar of Qazlal.
    62 | D        | Found an iron altar of Okawaru.
    62 | D        | Found a sparkling altar of Nemelex Xobeh.
    62 | D        | Found a burning altar of Makhleb.
    62 | D        | Found a blossoming altar of Fedhas.
    62 | D        | Found a white marble altar of Elyvilon.
    62 | D        | Found a shadowy altar of Dithmenos.
    62 | D        | Found a snail-covered altar of Cheibriados.
    65 | D        | Found a corrupted altar of Lugonu.
    65 | D        | Found a radiant altar of Vehumet.
    66 | D        | Found an ancient bone altar of Kikubaaqudgha.
    66 | D        | Found a hide-covered altar of Uskayaw.
    66 | D        | Found a broken altar of Ashenzari.
    72 | D        | Became a worshipper of Dithmenos the Shadowed
   106 | D        | Reached skill level 2 in Stealth
   118 | D        | Reached * piety under Dithmenos
   134 | D        | Reached skill level 3 in Stealth
   136 | D        | Reached ** piety under Dithmenos
   144 | D        | Reached XP level 2. HP: 11/15 MP: 3/3
   309 | D        | Noticed a floating eye
   311 | D        | Noticed an ice beast
   312 | D        | Paralysed by a floating eye for 3 turns
   559 | D        | Paralysed by a floating eye for 4 turns
   565 | D        | Paralysed by a floating eye for 3 turns
   573 | D        | Paralysed by a floating eye for 2 turns
   575 | D        | Killed a floating eye
   576 | D        | Reached skill level 6 in Stealth
   576 | D        | Reached XP level 3. HP: 21/21 MP: 4/4
   576 | D        | Reached XP level 4. HP: 25/25 MP: 5/5
   590 | D        | Reached *** piety under Dithmenos
   678 | D        | Reached skill level 7 in Stealth
   678 | D        | Reached XP level 5. HP: 29/29 MP: 6/6
   681 | D        | Noticed a flying skull
   682 | D        | Noticed a wolf
   718 | D        | Killed a wolf
   719 | D        | Reached skill level 8 in Stealth
   754 | D        | Killed an ice beast
   754 | D        | Reached **** piety under Dithmenos
   755 | D        | Reached skill level 5 in Fighting
   755 | D        | Reached skill level 9 in Stealth
   755 | D        | Reached XP level 6. HP: 21/35 MP: 7/7
  1111 | D        | Killed a flying skull
  1112 | D        | Reached skill level 10 in Ranged Weapons
  1112 | D        | Reached skill level 10 in Stealth
  1380 | D        | Reached ***** piety under Dithmenos
  1392 | D        | Noticed a fire bat
  1400 | D        | Reached XP level 7. HP: 37/39 MP: 8/8
  1762 | D        | Killed a fire bat
  1763 | D        | Reached skill level 11 in Stealth
  2090 | D        | Noticed a freezing wraith
  2409 | D        | Killed a freezing wraith
  2410 | D        | Reached skill level 10 in Dodging
  2410 | D        | Reached skill level 12 in Stealth
  2433 | D        | Noticed an eye of devastation
  2438 | D        | Blown up by an eye of devastation

Illustrated notes

Levels and vault maps discovered:
D:        pitsprint [storerooms_1, entrance_room_1, metal_vault_6, armoury_2,
          mini_pit_1, grid_room_1, main_hall_1, silver_pit, the_coven_2,
          the_vestibule_1, steel_vault_4, golden_pit, hallway_of_sentries,
          crystal_vault_1, iron_vault_1, final_vault]

Skill      XL: |  1  2  3  4  5  6  7 |
---------------+----------------------+-----
Dodging        | 3 6 8 9 10 | 10.5
Stealth        | 3 6 7 9 10 12 | 12.1
Fighting       | 2 3 4 5 6 |  6.7
Ranged Weapons | 7 9 10 11 | 11.7

Action                     |  1- 3 |  4- 6 |  7- 9 || total
---------------------------+-------+-------+-------++-------
   Fire: Shortbow          |    39 |    65 |    54 ||   158
    Use: Potion            |       |     1 |       ||     1
 Armour: Robe              |     3 |       |       ||     3
  Dodge: Dodged            |    15 |    25 |     7 ||    47
